 Dungeon Crawl Stone Soup version 0.31-a0-1352-gc98d92de7d (webtiles) character file.

Game seed: 4357671453439949146

9629 Dirtsage the Mimic (level 11, 0/77 HPs)
             Began as an Octopode Shapeshifter on Dec 22, 2023.
             Was a Follower of the Shining One.
             Slain by a tengu warrior
             ... wielding a +0 battleaxe
              (18 damage)
             ... on level 10 of the Dungeon.
             The game lasted 00:16:57 (10327 turns).

Dirtsage the Mimic (Octopode Shapeshifter)         Turns: 10327, Time: 00:16:58

Health: 0/77       AC:  1    Str: 20    XL:     11   Next: 49%
Magic:  11/13      EV: 19    Int: 12    God:    the Shining One [*.....]
Gold:   423        SH:  7    Dex: 22    Spells: 10/10 levels left

rFire   . .          .
                       - Unarmed
rCold   . . .        (shield currently unavailable)
rNeg    . . .        (helmet restricted)
rPois   .            (no amulet)
rElec   .            n - +6 ring of strength
rCorr   .            r - ring of flight
SInv    .            u - +6 ring of dexterity
Will    .....        (no ring)
Stlth   +            (no ring)
HPRegen 0.32/turn    (no ring)
MPRegen 0.13/turn    (no ring)
                     (no ring)

%: no passive effects
@: divinely shielded, blade tentacles, flying, glowing
A: almost no armour, amphibious, 8 rings, camouflage 1, gelatinous body 1,
(nimble swimmer 1), tentacles
a: Begin Untransformation, Renounce Religion, Divine Shield


You were on level 10 of the Dungeon.
You worshipped the Shining One.
The Shining One was aware of your devotion.
You had blades for main tentacles.
You visited 2 branches of the dungeon, and saw 11 of its levels.

You collected 591 gold pieces.
You spent 168 gold pieces at shops.

Inventory:

Missiles
 g - 5 curare-tipped darts
 v - a throwing net
Magical Staves
 x - a staff of cold
 D - a staff of earth
Jewellery
 n - a +6 ring of strength (left blade tentacle)
 r - a ring of flight (right blade tentacle)
 u - a +6 ring of dexterity (on tentacle)
Talismans
 b - a beast talisman
 c - a flux talisman
 s - a blade talisman (active)
Wands
 A - a wand of paralysis (11)
Scrolls
 e - a scroll of fog
 i - 6 scrolls of identify
 j - 2 scrolls of fear {unknown}
 o - 4 scrolls of noise
 p - a scroll of summoning
 t - 5 scrolls of teleportation
 y - a scroll of vulnerability
 z - a scroll of amnesia
 B - a scroll of blinking
 C - a scroll of torment {unknown}
 E - a scroll of enchant armour {unknown}
 F - a scroll of silence {unknown}
Potions
 a - a potion of lignification
 d - 3 potions of might
 f - a potion of enlightenment
 h - 4 potions of haste
 k - 2 potions of brilliance
 l - a potion of heal wounds
 m - a potion of mutation
 q - 9 potions of curing
 w - 2 potions of degeneration


   Skills:
 + Level 7.8 Fighting
 + Level 8.0 Dodging
 + Level 8.4 Unarmed Combat
 + Level 3.6 Invocations
 * Level 10.6 Shapeshifting


You had 10 spell levels left.
You didn't know any spells.
Your spell library contained the following spells:

 Spells                   Type           Power      Damage    Failure   Level
 Lesser Beckoning         Tloc           0%         N/A       45%         2
 Gell's Gravitas          Tloc           0%         N/A       69%         3
 Teleport Other           Tloc           0%         N/A       69%         3
 Alistair's Intoxication  Alch           0%         N/A       100%        5
 Borgnjor's Vile Clutch   Necr/Erth      0%         N/A       100%        5
 Eringya's Noxious Bog    Alch           0%         4d6       100%        6


Dungeon Overview and Level Annotations

Branches:
Dungeon (10/15)            Temple (1/1) D:7            Lair (0/5) D:10
    Orc: D:9-12

Altars:
Ashenzari
Cheibriados
Dithmenos
Elyvilon
Fedhas
Hepliaklqana
Kikubaaqudgha
Makhleb
Okawaru
Qazlal
Trog
Uskayaw
Vehumet
Wu Jian
Xom
Yredelemnul
Zin
The Shining One

Shops:
D:6 !

Annotations:
D:8 1 runed translucent door, nj0rd12's ghost, novice TrSh
D:10 exclusion: oklob plant


Innate Abilities, Weirdness & Mutations

You have blades for main tentacles.
You are incapable of wielding weapons or throwing items.
You cannot wear most types of armour.
You are amphibious.
You can wear up to eight rings at the same time.
Your skin changes colour to match your surroundings (Stealth+).
Your rubbery body absorbs attacks. (AC +1, EV +1)
((You are camouflaged when in or above water. (Stealth+)))
You have tentacles for arms and can constrict up to eight enemies at once.


Message History

You take 14 damage, and have 28/76 hp.
You hit the efreet but do no damage.
You squeeze the efreet, but do no damage.
The efreet is severely wounded.
The efreet hits you with a +3 scimitar of flaming!
* * * LOW HITPOINT WARNING * * *
The efreet burns you.
* * * LOW HITPOINT WARNING * * *
You take 14 damage, and have 14/76 hp.
You slice the efreet!!
You kill the efreet!
The Shining One accepts your kill.
The yak is engulfed in blazing flames.
Your Dodging skill increases to level 8!
A divine shield forms around you! The yak closely misses you.
You now have 10/13 mp.
You slice the yak!! You squeeze the yak.
You kill the yak!
You slash the yak!
The yak is moderately wounded.
The yak misses you.
You slice the yak!!
The yak is almost dead.
You hit the yak.
You kill the yak!
A tengu warrior comes into view. It is wielding a +0 battleaxe.
You hit the yak. You squeeze the yak, but do no damage.
The yak is lightly wounded.
The yak barely misses you.
You hit the yak but do no damage. The yak closely misses you.
You hit the yak but do no damage. The yak barely misses you.
You slice the yak!! You squeeze the yak.
The yak is almost dead.
You slice the yak!!
You kill the yak!
You slice the tengu warrior!! Your grab misses the tengu warrior.
You squeeze the tengu warrior.
The tengu warrior is severely wounded.
The tengu warrior hits you with a +0 battleaxe!!
You die...

########.#..###...###....#.($
#...## #...# #..#...≈. ##.<#
##### #.$.##### ##..# #####
#..>####### #.#.......#
#.#######.# #....# #.# ####.#
#@# ### #Q# #.# ..# ..# ...#
.... #.###


You could see a tengu warrior.

Vanquished Creatures
  Erolcha (D:9)
  A two-headed ogre (D:10)
  An efreet (D:10)
  A troll (D:10)
  A hornet (D:9)
  A shadow (D:10)
  A wyvern (D:10)
  21 yaks
  2 wraiths
  A steam dragon (D:7)
  5 humans (D:7)
  An acid dragon (D:9)
  3 orc warriors (D:9)
  A sky beast (D:7)
  2 ogres
  5 ice beasts
  4 centaurs
  A phantom (D:6)
  A bullfrog (D:9)
  2 scorpions
  10 wights
  5 howler monkeys
  2 gnoll boudas
  5 hounds
  6 orc priests
  A jelly (D:6)
  An iguana (D:6)
  A sleepcap (D:8)
  Terence (D:2)
  8 orc wizards
  16 gnolls
  8 adders
  2 shadow imps
  A white imp (D:7)
  3 bombardier beetles
  A worm (D:3)
  4 dart slugs
  24 orcs
  7 ball pythons
  4 endoplasms
  3 giant cockroaches
  5 goblins
  11 hobgoblins
  2 jackals (D:4)
  4 quokkas
  8 bats
  4 frilled lizards
  6 kobolds
  7 rats
216 creatures vanquished.

Notes
Turn   | Place    | Note
-------+----------+-------------------------------------------
     0 | D:1      | Dirtsage the Octopode Shapeshifter began the quest for the
                  | Orb.
     0 | D:1      | Reached XP level 1. HP: 13/13 MP: 1/1
   185 | D:1      | Reached XP level 2. HP: 18/18 MP: 2/2
   648 | D:2      | Reached XP level 3. HP: 23/23 MP: 3/3
   757 | D:2      | Noticed Terence
   765 | D:2      | Killed Terence
   820 | D:2      | Reached XP level 4. HP: 29/29 MP: 4/4
  1607 | D:3      | Reached skill level 4 in Shapeshifting
  1640 | D:3      | Reached XP level 5. HP: 34/34 MP: 5/5
  1770 | D:3      | Found a faded altar of an unknown god.
  2390 | D:4      | Reached XP level 6. HP: 23/41 MP: 6/6
  3342 | D:4      | Reached skill level 5 in Shapeshifting
  3347 | D:4      | Reached XP level 7. HP: 31/46 MP: 7/7
  3610 | D:5      | Entered Level 5 of the Dungeon
  4494 | D:6      | Reached skill level 5 in Unarmed Combat
  4494 | D:6      | Reached XP level 8. HP: 40/54 MP: 8/8
  4565 | D:6      | Reached skill level 6 in Shapeshifting
  5336 | D:7      | Found a staircase to the Ecumenical Temple.
  5364 | D:7      | Reached skill level 5 in Dodging
  5537 | Temple   | Entered the Ecumenical Temple
  5564 | Temple   | Became a worshipper of Elyvilon the Healer
  5735 | D:7      | Reached skill level 7 in Shapeshifting
  5853 | D:7      | Found a hide-covered altar of Uskayaw.
  5859 | D:7      | Reached skill level 5 in Fighting
  5859 | D:7      | Reached XP level 9. HP: 36/61 MP: 9/9
  6417 | D:7      | Reached skill level 8 in Shapeshifting
  6564 | D:7      | Reached * piety under Elyvilon
  6854 | D:6      | Found Yguaprudo's Distillery.
  6864 | D:6      | Bought a potion of curing for 36 gold pieces
  6864 | D:6      | Bought a potion of lignification for 36 gold pieces
  6864 | D:6      | Bought a potion of might for 48 gold pieces
  6864 | D:6      | Bought a potion of might for 48 gold pieces
  6965 | D:8      | Found a runed translucent door.
  6966 | D:8      | Noticed nj0rd12's ghost (novice TrSh)
  7121 | D:8      | Reached XP level 10. HP: 49/68 MP: 10/10
  7434 | D:8      | Found a shadowy altar of Dithmenos.
  7434 | D:8      | Found a shimmering altar of Xom.
  7849 | D:9      | Reached skill level 9 in Shapeshifting
  8150 | D:9      | Found a glowing golden altar of the Shining One.
  8196 | D:9      | Fell from the grace of Elyvilon
  8196 | D:9      | Became a worshipper of the Shining One
  8585 | D:9      | Found a basalt altar of Yredelemnul.
  8642 | D:9      | Reached * piety under the Shining One
  8760 | D:9      | Noticed Erolcha
  8775 | D:9      | Killed Erolcha
  8776 | D:9      | Reached skill level 1 in Invocations
  9454 | D:10     | Entered Level 10 of the Dungeon
  9503 | D:10     | Reached skill level 10 in Shapeshifting
  9503 | D:10     | Reached XP level 11. HP: 75/75 MP: 12/12
  9617 | D:10     | Found a staircase to the Lair.
  9618 | D:10     | Noticed an oklob plant
  9739 | D:10     | Identified the +4 great sword of Conformity {venom,
                  | ^Fragile Int+5 Dex+3}
  9825 | D:10     | Noticed a two-headed ogre
  9832 | D:10     | Killed a two-headed ogre
 10321 | D:10     | Noticed a tengu warrior
 10327 | D:10     | Slain by a tengu warrior

Illustrated notes

Levels and vault maps discovered:
D:1:      roderic_dead_forest, layout_basic, minmay_misc_feat_plants
D:2:      layout_basic, serial_aquarium, aquarium_bridge_long_joined
          [aquarium_subvault_wall, aquarium_subvault_wall,
          aquarium_subvault_window, aquarium_subvault_bridge,
          aquarium_subvault_wall, aquarium_subvault_bridge],
          aquarium_window_fake, aquarium_window_3, aquarium_view_2f,
          aquarium_balcony_5a, uniq_terence
D:3:      layout_basic, serial_bayou, serial_bayou_pond_d, serial_bayou_pond_a,
          serial_bayou_shore_a, serial_bayou_pond_a,
          hellmonk_ecumenical_altar_arch_garden
D:4:      layout_layer_cave
D:5:      layout_rooms
D:6:      layout_basic, serial_shops, shop
D:7:      layout_basic, mainiacjoe_overflow_boulevard,
          minmay_temple_entry_sparse_star, wad_floor_pattern_untrapped,
          minmay_ruffians
D:8:      layout_loops_ring, mainiacjoe_overflow_divided_tiny,
          ebering_ghost_reflecting_pool, minmay_misc_feat_pillars
D:9:      layout_loops_corners, mainiacjoe_overflow_paths,
          nicolae_overflow_crystal_walls, nicolae_zen_rock_garden, uniq_erolcha
D:10:     layout_basic, minitemple, dpeg_oklobed_lair
Temple:   nicolae_temple_ecumenical_triangle

Skill      XL: |  1  2  3  4  5  6  7  8  9 10 11 |
---------------+----------------------------------+-----
Fighting       | 2 3 5 6 7 |  7.8
Shapeshifting  | 4 5 7 8 10 | 10.6
Dodging        | 3 4 5 6 7 8 |  8.0
Unarmed Combat | 4 5 6 7 8 |  8.4
Invocations    | 2 3 |  3.6

Action                     |  1- 3 |  4- 6 |  7- 9 | 10-12 || total
---------------------------+-------+-------+-------+-------++-------
  Melee: Unarmed           |    57 |   110 |   200 |   192 ||   559
         Constrict         |    14 |    32 |    47 |    23 ||   116
         Tentacles         |     7 |    30 |    56 |    61 ||   154
         Punch             |     2 |     6 |     4 |     1 ||    13
 Invoke: Divine Shield     |       |       |       |     1 ||     1
  Evoke: Wand              |       |       |       |     2 ||     2
    Use: Potion            |       |       |     2 |     1 ||     3
         Scroll            |       |       |    15 |       ||    15
   Stab: Sleeping          |     4 |     6 |     4 |       ||    14
         Distracted        |     1 |       |       |       ||     1
 Armour: Skin              |    11 |    39 |    90 |    62 ||   202
  Dodge: Dodged            |    35 |    50 |   107 |    95 ||   287
   Form: Flux              |       |       |     1 |       ||     1
         Blade             |       |       |       |     1 ||     1

Table legend: (Time is in decaauts)
 A = Elapsed time spent in this place.
 B = Non-inter-level travel time spent in this place.
 C = Inter-level travel time spent in this place.
 D = Time resting spent in this place.
 E = Time spent auto-exploring this place.
 F = Levels seen in this place.
 G = Mean time per level.
                   A        B        C        D        E       F      G
               +--------+--------+--------+--------+--------+-----+--------+
         Total |  10261 |   9963 |    298 |    529 |   8049 |  11 |  932.8 |
       Dungeon |  10217 |   9935 |    282 |    529 |   8049 |  10 | 1021.7 |
        Temple |     44 |     28 |     16 |      0 |      0 |   1 |   44.0 |
               +--------+--------+--------+--------+--------+-----+--------+

Top non-repeatable levels by time:
     D:9: 1614 daAuts
     D:7: 1427 daAuts
     D:4: 1333 daAuts
     D:6: 1142 daAuts
     D:2: 871 daAuts
    D:10: 862 daAuts
     D:8: 858 daAuts
     D:3: 837 daAuts
     D:5: 714 daAuts
     D:1: 554 daAuts
  Temple: 44 daAuts
